 Dungeon Crawl Stone Soup version 0.30-a0-800-g7c544603b3 (webtiles) character file.

Game seed: 17719979744923612202

520 Newt the Poker (level 7, 0/56 HPs)
             Began as a Demonspawn Gladiator on Feb 22, 2023.
             Slain by Dowan
             ... wielding a +0 dagger
              (6 damage)
             ... on level 4 of the Dungeon.
             The game lasted 00:05:26 (4281 turns).

Newt the Poker (Demonspawn Gladiator)               Turns: 4281, Time: 00:05:26

Health: 0/56       AC:  6    Str: 16    XL:     7   Next: 1%
Magic:  7/7        EV: 12    Int: 15    God:
Gold:   1241       SH:  4    Dex: 15    Spells: 6/6 levels left

rFire   . . .      SeeInvis .    i - +2 spear (heavy)
rCold   . . .      Faith    .    q - +0 buckler
rNeg    . . .      Spirit   .    b - +0 leather armour
rPois   .          Reflect  .    c - +0 helmet
rElec   .          Harm     .    (no cloak)
rCorr   .          Rampage  .    (no gloves)
Will    .....                    (no boots)
Stlth   ++                       (no amulet)
HPRegen 0.29/turn                r - +6 ring of intelligence
MPRegen 0.10/turn                (no ring)

@: no status effects
A: claws 2, rugged brown scales 2
a: no special abilities


You were on level 4 of the Dungeon.
You visited 1 branch of the dungeon, and saw 4 of its levels.
You also visited: Sewer.

You collected 1241 gold pieces.

Inventory:

Hand Weapons
 a - a +0 rapier
 f - a +1 spear of pain
 i - a +2 heavy spear (weapon)
Missiles
 s - a boomerang (quivered)
Armour
 b - a +0 leather armour (worn)
 c - a +0 helmet (worn)
 q - a +0 buckler (worn)
Jewellery
 r - a +6 ring of intelligence (left claw)
Wands
 y - a wand of charming (6)
Scrolls
 l - a scroll of fear
 p - 2 scrolls of teleportation
 t - a scroll of blinking
 z - a scroll of silence {unknown}
Potions
 g - 2 potions of attraction
 h - a potion of curing
 j - a potion of flight
 k - 3 potions of magic
 m - 2 potions of degeneration {unknown}
 o - a potion of might
 u - 2 potions of resistance
 w - 2 potions of invisibility {unknown}
 x - 2 potions of haste {unknown}
 A - a potion of lignification {unknown}


   Skills:
 - Level 4.0 Fighting
 - Level 2.6 Short Blades
 - Level 5.0 Polearms
 - Level 1.7 Throwing
 - Level 2.6 Dodging
 - Level 1.5 Stealth
 + Level 2.0 Shields


You had 6 spell levels left.
You didn't know any spells.
Your spell library contained the following spells:

 Spells                   Type           Power      Damage    Failure   Level
 Ensorcelled Hibernation  Hex/Ice        0%         N/A       56%         2
 Spider Form              Tmut/Pois      0%         N/A       80%         3
 Summon Guardian Golem    Hex/Summ       0%         N/A       80%         3
 Anguish                  Hex/Necr       0%         N/A       99%         4
 Orb of Destruction       Conj           0%         9d5       100%        7
 Spellforged Servitor     Conj/Summ      0%         N/A       100%        7


Dungeon Overview and Level Annotations

Branches:
Dungeon (4/15)              Sewer (visited)
 Temple: D:4-7

Altars:
Xom

Shops:
D:3 [

Annotations:
D:4 Dowan


Innate Abilities, Weirdness & Mutations

You have very sharp fingernails.
You are mostly covered in rugged brown scales. (AC +2, +5% HP)


Message History

Reach: i) +2 spear (heavy)
Press: ? - help, Dir - move target, f/p - Dowan
Aim: Dowan, wielding a +0 dagger and wearing a +0 robe (moderately wounded, about 42% to evade your +2 heavy spear)
You reach to attack!
You hit Dowan.
Dowan is moderately wounded.
Duvessa hits you with a +0 rapier. Duvessa hits you with a +0 rapier!
* * * LOW HITPOINT WARNING * * *
You hit Duvessa.
Duvessa is almost dead.
Duvessa looks more healthy.
Duvessa misses you. Duvessa barely misses you.
You hit Duvessa.
You kill Duvessa!
Dowan seems overcome with grief.
Dowan seems to find hidden reserves of power!
Dowan hits you but does no damage.
Your Shields skill gained 2 levels and is now at level 2!
You have reached level 7!
Your demonic ancestry asserts itself...
Your fingernails sharpen.
You hit Dowan.
Dowan is moderately wounded.
Dowan casts a spell.
Dowan blinks!
Throw: javelin
Press: ? - help, Shift-Dir - straight line, f/p - Dowan
Aim: Dowan, wielding a +0 dagger and wearing a +0 robe (moderately wounded, fast, 50% to hit)
You throw a javelin.
The javelin pierces through Dowan but does no damage.
Dowan is moderately wounded.
Dowan gestures at you while chanting. The shard of ice hits you!
* * * LOW HITPOINT WARNING * * *
Throw: boomerang
Press: ? - help, Shift-Dir - straight line, f/p - Dowan
Aim: Dowan, wielding a +0 dagger and wearing a +0 robe (moderately wounded, fast, 50% to hit)
You throw a boomerang. The boomerang hits Dowan.
Dowan is heavily wounded.
Dowan gestures wildly while chanting.
Dowan blinks!
Dowan hits you with a +0 dagger.
You die...

#...........#######
#.#
##...#####.........
... #...
#..######### #.)
..# #........... .
#..#.#######
#####.....#
.......#.##
####..e## ##@## #)#
#.# #.# #.# .ยง.
#.. #(.


You could see Dowan (fast).

Vanquished Creatures
  Duvessa (D:4)
  4 jellies (Sewer)
  An iguana (D:3)
  An orc wizard (D:3)
  11 adders
  3 gnolls (D:3)
  A river rat (Sewer)
  5 worms
  A dart slug (D:2)
  3 orcs (D:3)
  16 ball pythons
  7 bats
  13 endoplasms
  10 giant cockroaches
  5 goblins
  5 hobgoblins (D:1)
  4 quokkas
  6 frilled lizards
  8 kobolds
  15 rats
120 creatures vanquished.

Notes
Turn   | Place    | Note
-------+----------+-------------------------------------------
     0 | D:1      | Newt the Demonspawn Gladiator began the quest for the Orb.
     0 | D:1      | Reached XP level 1. HP: 16/16 MP: 1/1
    68 | D:1      | Reached skill level 1 in Stealth
   172 | D:1      | Gained mutation: You are partially covered in rugged brown
                  | scales. (AC +1, +3% HP) [demonic ancestry]
   172 | D:1      | Reached XP level 2. HP: 14/22 MP: 2/2
   770 | D:1      | Reached XP level 3. HP: 29/29 MP: 3/3
  1407 | D:2      | Gained mutation: You are mostly covered in rugged brown
                  | scales. (AC +2, +5% HP) [demonic ancestry]
  1407 | D:2      | Reached XP level 4. HP: 26/38 MP: 4/4
  1501 | D:2      | Reached skill level 1 in Polearms
  1651 | D:2      | Reached skill level 2 in Polearms
  1782 | D:2      | Reached XP level 5. HP: 44/44 MP: 5/5
  2240 | D:3      | Found a shimmering altar of Xom.
  2324 | D:3      | Found Feas's Antique Armour Emporium.
  2372 | D:3      | Found a glowing drain.
  2385 | Sewer    | Entered a sewer
  2423 | Sewer    | Reached skill level 3 in Polearms
  2761 | Sewer    | Found a viscous altar of Jiyva.
  2771 | Sewer    | Reached skill level 4 in Polearms
  2771 | Sewer    | Gained mutation: You have sharp fingernails. [demonic
                  | ancestry]
  2771 | Sewer    | Reached XP level 6. HP: 28/50 MP: 6/6
  3496 | D:3      | Reached skill level 5 in Polearms
  4142 | D:4      | Identified a scroll of acquirement
  4142 | D:4      | Acquired 1053 gold pieces
  4253 | D:4      | Noticed Dowan
  4253 | D:4      | Noticed Duvessa
  4278 | D:4      | Killed Duvessa
  4279 | D:4      | Gained mutation: You have very sharp fingernails. [demonic
                  | ancestry]
  4279 | D:4      | Reached XP level 7. HP: 12/56 MP: 7/7
  4281 | D:4      | Slain by Dowan

Illustrated notes

Levels and vault maps discovered:
D:1:      evilmike_arrival_plus, layout_loops_corners
D:2:      layout_basic, minmay_snake_closets
D:3:      layout_basic, mainiacjoe_overflow_concentric_impassable, serial_shops,
          shop, portal_sewer_entry_b
D:4:      layout_loops_ring, minmay_temple_entry_slanted,
          nicolae_shop_self_help, uniq_duvessa, uniq_pikel

Skill      XL: |  1  2  3  4  5  6 |
---------------+-------------------+-----
Stealth        | 1 |  1.5
Fighting       | 3 4 |  4.0
Polearms       | 2 4 5 |  5.0
Shields        | 2 |  2.0
Short Blades   | |  2.6
Throwing       | |  1.7
Dodging        | |  2.6

Action                     |  1- 3 |  4- 6 |  7- 9 || total
---------------------------+-------+-------+-------++-------
  Melee: Rapier            |    68 |       |       ||    68
         Spear             |    60 |   212 |     1 ||   273
  Throw: Boomerang         |       |     6 |     1 ||     7
         Javelin           |       |     4 |     1 ||     5
         Throwing net      |       |     4 |       ||     4
         Dart              |       |     3 |       ||     3
    Use: Scroll            |     3 |    11 |       ||    14
         Potion            |     1 |     4 |       ||     5
   Stab: Sleeping          |     6 |    12 |       ||    18
         Distracted        |       |     2 |       ||     2
 Armour: Leather armour    |    36 |    67 |       ||   103
  Dodge: Dodged            |    72 |   138 |       ||   210
  Block: Buckler           |       |    35 |       ||    35

Table legend: (Time is in decaauts)
 A = Elapsed time spent in this place.
 B = Non-inter-level travel time spent in this place.
 C = Inter-level travel time spent in this place.
 D = Time resting spent in this place.
 E = Time spent auto-exploring this place.
 F = Levels seen in this place.
 G = Mean time per level.
                   A        B        C        D        E       F      G
               +--------+--------+--------+--------+--------+-----+--------+
         Total |   4447 |   4253 |    194 |    674 |   2581 |   5 |  889.4 |
       Dungeon |   3628 |   3434 |    194 |    445 |   2257 |   4 |  907.0 |
         Sewer |    818 |    818 |      0 |    229 |    324 |   1 |  818.0 |
               +--------+--------+--------+--------+--------+-----+--------+

Top non-repeatable levels by time:
     D:3: 1223 daAuts
     D:2: 1164 daAuts
     D:1: 1040 daAuts
   Sewer: 818 daAuts
     D:4: 201 daAuts
